 Dungeon Crawl Stone Soup version 0.28.0 (webtiles) character file.

Game seed: 10364644810374464108

555 386 the Purveyor of Pain (level 7, -4/40 HPs)
             Began as a Deep Elf Necromancer on Feb 16, 2022.
             Was an Initiate of Kikubaaqudgha.
             Succumbed to a water moccasin's poison
             ... on level 4 of the Dungeon on Feb 17, 2022.
             The game lasted 01:11:03 (4824 turns).

386 the Purveyor of Pain (Deep Elf Necromancer)     Turns: 4824, Time: 01:11:08

Health: -4/40      AC:  5    Str:  5    XL:     7   Next: 8%
Magic:  15/17      EV: 14    Int: 22    God:    Kikubaaqudgha [......]
Gold:   196        SH:  0    Dex: 15    Spells: 7/17 levels left

rFire   . . .      SeeInvis .   b - +0 dagger
rCold   . . .      Faith    .   (no shield)
rNeg    . . .      Spirit   .   a - +0 robe
rPois   .          Reflect  .   e - +0 helmet
rElec   .          Harm     .   (no cloak)
rCorr   .          Rampage  .   c - +0 pair of gloves
Will    .....                   d - +0 pair of boots
Stlth   ++........              (no amulet)
HPRegen 0.13/turn               (no ring)
MPRegen 0.15/turn               (no ring)

@: lethally poisoned (-4 -> -22), marked
A: no striking features
a: Renounce Religion


You were on level 4 of the Dungeon.
You worshipped Kikubaaqudgha.
Kikubaaqudgha was noncommittal.
You visited 2 branches of the dungeon, and saw 6 of its levels.

You collected 196 gold pieces.

Inventory:

Hand Weapons
 b - a +0 dagger (weapon)
Missiles
 j - 123 stones
 m - 5 poisoned darts
 o - 5 atropa-tipped darts
 p - 5 boomerangs
Armour
 a - a +0 robe (worn)
 c - a +0 pair of gloves (worn)
 d - a +0 pair of boots (worn)
 e - a +0 helmet (worn)
 q - a +0 leather armour
Wands
 r - a wand of iceblast (11)
 t - a wand of charming (13)
Scrolls
 g - a scroll of teleportation {unknown}
 k - a scroll of fog {unknown}
 l - a scroll of amnesia {unknown}
 s - 2 scrolls of enchant weapon {unknown}
Potions
 f - 2 potions of mutation {unknown}
 h - a potion of cancellation {unknown}
 i - 2 potions of curing {unknown}
 n - a potion of berserk rage {unknown}


   Skills:
 + Level 2.7 Fighting
 - Level 5.0 Dodging
 - Level 3.0 Stealth
 + Level 5.7 Spellcasting
 + Level 6.6 Necromancy


You had 7 spell levels left.
You knew the following spells:

 Your Spells              Type           Power      Damage    Failure   Level
a - Pain                  Necr           100%       1d9       1%          1
b - Animate Skeleton      Necr           70%        N/A       1%          1
c - Vampiric Draining     Necr           35%        2d8       1%          3
d - Agony                 Necr           35%        N/A       17%         5

Your spell library contained the following spells:

 Spells                   Type           Power      Damage    Failure   Level
 Animate Dead             Necr           17%        N/A       6%          4
 Foxfire                  Conj/Fire      24%        2x1d5     10%         1
 Conjure Flame            Conj/Fire      6%         6-21      28%         3
 Inner Flame              Hex/Fire       6%         N/A       28%         3
 Flame Wave               Conj/Fire      6%         2d5       67%         4


Dungeon Overview and Level Annotations

Branches:
Dungeon (5/15)             Temple (1/1) D:4

Altars:
Ashenzari
Cheibriados
Dithmenos
Elyvilon
Fedhas
Gozag
Hepliaklqana
Kikubaaqudgha
Makhleb
Nemelex Xobeh
Okawaru
Qazlal
Ru
Sif Muna
Trog
Uskayaw
Vehumet
Wu Jian
Xom
Yredelemnul
Zin
The Shining One

Shops:
D:1 ?

Annotations:
D:3 Ijyb, Terence


Message History

Aiming: Pain (safe; 1% risk of failure)
Press: ? - help, Q - select action, (/) - cycle Shift-Dir - straight line, f/p - hound
Aim: a hound (moderately wounded, chance to affect: 88%)
The hound writhes in agony.
The hound bites you.
Aiming: Pain (safe; 1% risk of failure)
Press: ? - help, Q - select action, (/) - cycle Shift-Dir - straight line, f/p - hound
Aim: a hound (severely wounded, chance to affect: 88%)
The hound writhes in agony!
You kill the hound!
Kikubaaqudgha accepts your kill.
A water moccasin comes into view.
Training target 5.0 for Dodging reached!
Your Dodging skill increases to level 5!
A water moccasin skeleton comes into view.
The water moccasin misses you. The water moccasin barely misses you.
The water moccasin bites you!
You are poisoned.
The water moccasin poisons you! The water moccasin closely misses you.
You feel very sick. The water moccasin closely misses you.
You feel very sick.
The water moccasin skeleton barely misses you.
You feel sick. The water moccasin bites you!
You feel sick.
You feel sick. The water moccasin bites you.
* * * LOW HITPOINT WARNING * * *
You are lethally poisoned!
The water moccasin poisons you!
There is a stone staircase leading up here.
You can't go down here!
* * * LOW HITPOINT WARNING * * *
You feel very sick. The water moccasin skeleton bites you.
* * * LOW HITPOINT WARNING * * *
The water moccasin misses you.
You climb upwards.
You die...
Kikubaaqudgha rasps: "You have failed me!
Welcome... death!"

#............#.#...##### ##.)#
#.###.##..####......# ##.#.## #.#
#.##.......#...## ##.#...## #.#
#.###.#######.## #.##.#..# #.#
#.# #.# #.# ##.#...## #.###.###.#
#.# ##...## #.........# ##+##
##.## #####.##### ##...## #.#
#.### ##.@...########.## #.#.##
##.S..............##
#....####.........####(.#..##
#####.......'.........'....###...
#.........###.........###...#..##
#.###.#.#.# ##....)...........##
#.##..###.# ##.....#####.#####
#.##.## #.# ##...## #.# #.##.#
#.# ##'## #.#


You could see a water moccasin.

Vanquished Creatures
  An ice beast (D:5)
  A centaur (D:4)
  A bullfrog zombie (D:3)
  An orc priest (D:4)
  2 hounds
  A jelly (D:4)
  A centaur skeleton (D:4)
  2 iguanas (D:5)
  An orc wizard (D:4)
  3 adders
  A howler monkey skeleton (D:3)
  A worm (D:2)
  2 dart slugs
  4 orcs
  3 bats
  7 endoplasms
  2 giant cockroaches
  8 goblins
  5 hobgoblins
  3 jackals (D:4)
  9 kobolds
  A quokka (D:1)
  5 ball pythons
  4 frilled lizards
  5 rats
74 creatures vanquished.

Vanquished Creatures (collateral kills)
  An adder (D:2)
  A worm (D:2)
  A kobold (D:2)
3 creatures vanquished.

Vanquished Creatures (others)
  A fungus (D:2)
1 creature vanquished.

Grand Total: 78 creatures vanquished

Notes
Turn   | Place    | Note
-------+----------+-------------------------------------------
     0 | D:1      | 386 the Deep Elf Necromancer began the quest for the Orb.
     0 | D:1      | Reached XP level 1. HP: 10/10 MP: 6/6
    25 | D:1      | Found Usuiguki's Magic Scroll Shop.
   354 | D:1      | Reached XP level 2. HP: 9/15 MP: 2/8
   497 | D:1      | Reached skill level 5 in Necromancy
  1166 | D:2      | Learned a level 1 spell: Animate Skeleton
  1267 | D:2      | Reached XP level 3. HP: 16/20 MP: 6/10
  1308 | D:2      | Found a faded altar of an unknown god.
  1611 | D:2      | Learned a level 3 spell: Vampiric Draining
  1655 | D:2      | Reached skill level 1 in Fighting
  1735 | D:2      | Reached XP level 4. HP: 24/25 MP: 9/11
  2076 | D:3      | HP: 1/25 [bullfrog zombie (4)]
  2268 | D:3      | Noticed Ijyb
  2380 | D:3      | Found a shimmering blue altar of Sif Muna.
  2646 | D:3      | Noticed Terence
  2824 | D:4      | Reached XP level 5. HP: 28/29 MP: 11/13
  2846 | D:4      | Found a staircase to the Ecumenical Temple.
  2865 | Temple   | Entered the Ecumenical Temple
  2951 | Temple   | Became a worshipper of Kikubaaqudgha
  3423 | D:4      | Noticed a centaur
  3431 | D:4      | Killed a centaur
  3432 | D:4      | Reached skill level 5 in Spellcasting
  3432 | D:4      | Reached skill level 6 in Necromancy
  3432 | D:4      | Reached XP level 6. HP: 31/35 MP: 5/15
  3901 | D:4      | Learned a level 5 spell: Agony
  4305 | D:5      | Entered Level 5 of the Dungeon
  4416 | D:5      | Noticed an ice beast
  4423 | D:5      | Killed an ice beast
  4533 | D:5      | Reached XP level 7. HP: 35/40 MP: 12/17
  4815 | D:5      | Reached skill level 5 in Dodging
  4823 | D:5      | HP: 1/40 [water moccasin skeleton (4)]
  4824 | D:4      | Succumbed to a water moccasin's poison

Illustrated notes

Levels and vault maps discovered:
D:1:      mrwooster_arrival_statue, layout_loops_ring, serial_shops, shop
D:2:      layout_loops_cross, dreamdust_ecumenical_altar_grove
D:3:      layout_basic, mainiacjoe_overflow_brackets, uniq_terence, uniq_ijyb
D:4:      layout_loops_corners, minmay_temple_entry_statues_pillars
D:5:      layout_basic
Temple:   compressed_dpeg_circular_temple

Skill      XL: |  1  2  3  4  5  6  7 |
---------------+----------------------+-----
Necromancy     | 5 6 |  6.6
Stealth        | 3 |  3.0
Dodging        | 3 4 5 |  5.0
Fighting       | 1 2 |  2.7
Spellcasting   | 4 5 |  5.7

Action                   |  1- 3 |  4- 6 |  7- 9 || total
-------------------------+-------+-------+-------++-------
Melee: Unarmed           |     1 |       |       ||     1
       Dagger            |     7 |    63 |       ||    70
       Punch             |       |     2 |       ||     2
 Cast: Pain              |    63 |    69 |     8 ||   140
       Animate Skeleton  |     5 |     6 |     1 ||    12
       Vampiric Draining |       |     6 |       ||     6
Evoke: Wand              |       |       |     1 ||     1
  Use: Potion            |       |     2 |       ||     2
 Stab: Sleeping          |     1 |       |       ||     1
Armor: Robe              |     7 |    33 |     2 ||    42
Dodge: Dodged            |     8 |    83 |     6 ||    97
